 Dungeon Crawl Stone Soup version 0.31-a0-1074-g0b22e4e0f1 (webtiles) character file.

Game seed: 2104586231484904720

258 backslashecho the Trooper (level 5, -1/42 HPs)
             Began as a Mummy Fighter on Dec 8, 2023.
             Slain by a gnoll
             ... wielding a +0 halberd
             ... led by a gnoll bouda
              (8 damage)
             ... on level 4 of the Dungeon.
             The game lasted 00:04:34 (2447 turns).

backslashecho the Trooper (Mummy Fighter)           Turns: 2447, Time: 00:04:34

Health: -1/42      AC: 13    Str: 21    XL:     5   Next: 94%
Magic:  5/5        EV:  7    Int:  7    God:
Gold:   131        SH:  4    Dex: 12    Spells: 4/4 levels left

rFire   x . .        a - +0 flail
rCold   + . .        c - +0 buckler
rNeg    + + +        g - +0 chain mail
rPois   ∞            h - +0 helmet
rElec   .            (no cloak)
rCorr   .            (no gloves)
SInv    .            (no boots)
Will    .....        (no amulet) Stlth
                     j - +4 ring of protection
HPRegen 0.27/turn    (no ring)
MPRegen 0.09/turn

%: faith
@: no status effects
A: cold resistance 1, negative energy resistance 3, torment resistance 2, heat
vulnerability 1, in touch with death 1, no potions, faith
a: no special abilities


You were on level 4 of the Dungeon.
You visited 1 branch of the dungeon, and saw 4 of its levels.

You collected 131 gold pieces.

Inventory:

Hand Weapons
 a - a +0 flail (weapon)
Missiles
 m - 5 poisoned darts (quivered)
Armour
 c - a +0 buckler (worn)
 g - a +0 chain mail (worn)
 h - a +0 helmet (worn)
Jewellery
 j - a +4 ring of protection (left hand)
Wands
 f - a wand of digging (4)
Scrolls
 b - a scroll of fear {unknown}
 d - a scroll of teleportation
 e - a scroll of revelation {unknown}
 i - a scroll of brand weapon {unknown}
 k - 2 scrolls of identify {unknown}


   Skills:
 + Level 4.1 Fighting
 * Level 3.8 Maces & Flails
 - Level 2.4 Armour
 + Level 3.4 Shields


You had 4 spell levels left.
You didn't know any spells.
Your spell library contained the following spells:

 Spells                   Type           Power      Damage    Failure   Level
 Static Discharge         Conj/Air       0%         3-3/arc   99%         2
 Inner Flame              Hex/Fire       0%         N/A       100%        3
 Airstrike                Air            0%         2d(0-16)  100%        4
 Flame Wave               Conj/Fire      0%         2d4       100%        4
 Sticky Flame             Conj/Fire      0%         2d3       100%        4
 Summon Lightning Spire   Summ/Air       0%         N/A       100%        4
 Irradiate                Conj/Tmut      0%         3d11      100%        5
 Wereblood                Tmut           Unusable   N/A       N/A         2

Dungeon Overview and Level Annotations

Branches:
Dungeon (4/15)
 Temple: D:4-7

Altars:
Hepliaklqana

Annotations:
D:2 Sigmund, Terence


Innate Abilities, Weirdness & Mutations

You are immune to poison.
Your flesh is cold resistant. (rC+)
You are immune to negative energy. (rN+++)
You are immune to unholy pain and torment.
You are vulnerable to heat. (rF-)
You are in touch with the powers of death.
You do not drink.
You have a special connection with the divine. (Faith)


Message History

You hear a shout!
You take 1 damage, and have 41/42 hp.
You barely miss the gnoll.
The gnoll is heavily wounded.
You block the gnoll's attack.
You hit the gnoll.
The gnoll is almost dead.
You kill the gnoll!
The gnoll barely misses you.
Health restored: 42 The gnoll hits you with a +0 whip.
You take 4 damage, and have 38/42 hp.
The gnoll attacks as it pursues you! The gnoll hits you with a +0 whip.
You take 2 damage, and have 36/42 hp.
The gnoll attacks as it pursues you! The gnoll hits you with a +0 whip.
You take 1 damage, and have 35/42 hp.
You completely miss the gnoll. The gnoll hits you but does no damage.
The gnoll barely misses you.
You hit the gnoll but do no damage. The gnoll hits you with a +0 whip!
You take 8 damage, and have 27/42 hp.
You hit the gnoll.
The gnoll is moderately wounded.
The gnoll hits you but does no damage.
You barely miss the hobgoblin. The gnoll closely misses you.
The hobgoblin hits you but does no damage.
You hit the hobgoblin.
The hobgoblin is severely wounded.
The hobgoblin barely misses you.
The gnoll hits you from afar with a +0 halberd!
You take 9 damage, and have 19/42 hp.
MASSIVE DAMAGE!!
Throw: 2 darts (curare)
Press: ? - help, Shift-Dir - straight line, f - gnoll bouda
Aim: a gnoll bouda, wielding a +0 club and wearing a +0 leather armour (60% to hit)
You throw a curare-tipped dart.
The curare-tipped dart closely misses the gnoll bouda.
You block the hobgoblin's attack. The gnoll hits you with a +0 whip!
* * * LOW HITPOINT WARNING * * *
The gnoll bouda hits you but does no damage.
You block the gnoll's attack.
You take 7 damage, and have 12/42 hp.
Throw: dart (curare)
Press: ? - help, Shift-Dir - straight line, f/p - gnoll bouda
Aim: a gnoll bouda, wielding a +0 club and wearing a +0 leather armour (60% to hit)
You throw a curare-tipped dart.
The curare-tipped dart completely misses the gnoll bouda.
The hobgoblin hits you but does no damage.
The gnoll hits you with a +0 whip.
* * * LOW HITPOINT WARNING * * *
The gnoll hits you from afar with a +0 halberd!
You die...

#######
#######...#######
##...###...###...##
##gggg###...###....##
##.g#@.##.....##.)#..#
#..##..#...#..)#..##..
#..###....###....###..
#).###....###....###..
#..####...###...####..
....#################..
....## ....##.
.g......# .. .>...##
............# .......


You could see a gnoll bouda, 3 gnolls and a hobgoblin.

Vanquished Creatures
  An ogre (D:4)
  Natasha (twice) (D:3)
  4 gnolls
  4 adders
  A worm (D:3)
  3 orcs
  6 endoplasms
  2 goblins (D:1)
  4 hobgoblins
  2 quokkas (D:3)
  9 ball pythons
  4 bats
  A frilled lizard (D:1)
  4 kobolds
  7 rats
54 creatures vanquished.

Notes
Turn   | Place    | Note
-------+----------+-------------------------------------------
     0 | D:1      | backslashecho the Mummy Fighter began the quest for the
                  | Orb.
     0 | D:1      | Reached XP level 1. HP: 18/18 MP: 1/1
   513 | D:1      | Reached XP level 2. HP: 24/24 MP: 2/2
   658 | D:2      | Noticed Terence
  1021 | D:2      | Noticed Sigmund
  1089 | D:3      | Reached XP level 3. HP: 29/29 MP: 3/3
  1317 | D:3      | Noticed Natasha
  1326 | D:3      | Killed Natasha
  1327 | D:3      | Reached XP level 4. HP: 33/35 MP: 4/4
  2002 | D:3      | Noticed Natasha
  2010 | D:3      | Killed Natasha
  2011 | D:3      | Reached XP level 5. HP: 40/42 MP: 5/5
  2057 | D:3      | Found a hazy altar of Hepliaklqana.
  2339 | D:4      | Noticed an ogre
  2346 | D:4      | Killed an ogre
  2347 | D:4      | Reached skill level 4 in Fighting
  2447 | D:4      | Slain by a gnoll

Illustrated notes

Levels and vault maps discovered:
D:1:      evilmike_arrival_plus, layout_basic
D:2:      layout_rooms, minmay_misc_feat_doors, uniq_terence, uniq_sigmund
D:3:      layout_loops_ring, mainiacjoe_overflow_alcove_4, st_stairs_2,
          grunt_ministairs_4, minmay_distorted, uniq_natasha
D:4:      corexii_shantytown, layout_basic, mainiacjoe_overflow_surrounded_room,
          amethyst_killhole, hangedman_glass_teeth, minivault_24,
          item_on_display_a

Skill      XL: |  1  2  3  4  5 |
---------------+----------------+-----
Maces & Flails | 2 3 |  3.8
Shields        | 3 |  3.4
Fighting       | 4 |  4.1
Armour         | |  2.4

Action                     |  1- 3 |  4- 6 || total
---------------------------+-------+-------++-------
  Melee: Flail             |   106 |    88 ||   194
  Throw: Dart              |       |     9 ||     9
    Use: Scroll            |     2 |       ||     2
 Armour: Scale mail        |    16 |       ||    16
         Chain mail        |    69 |    70 ||   139
  Dodge: Dodged            |    38 |    27 ||    65
  Block: Buckler           |    23 |    22 ||    45

Table legend: (Time is in decaauts)
 A = Elapsed time spent in this place.
 B = Non-inter-level travel time spent in this place.
 C = Inter-level travel time spent in this place.
 D = Time resting spent in this place.
 E = Time spent auto-exploring this place.
 F = Levels seen in this place.
 G = Mean time per level.
                   A        B        C        D        E       F      G
               +--------+--------+--------+--------+--------+-----+--------+
         Total |   2506 |   2195 |    311 |    194 |   1319 |   4 |  626.5 |
       Dungeon |   2506 |   2195 |    311 |    194 |   1319 |   4 |  626.5 |
               +--------+--------+--------+--------+--------+-----+--------+

Top non-repeatable levels by time:
     D:3: 1260 daAuts
     D:1: 867 daAuts
     D:2: 209 daAuts
     D:4: 168 daAuts
